Description

Essential TvZ build that allows for solid early pressure w/ the potential to end the game 5:30, or macro behind with solid marine-tank-medivac 3 base setup.

Build Order

Get SALT Encoding   

  14  0:17  Supply Depot  
  16  0:41  Barracks  
  16  0:45  Refinery  
  19  1:29  Reaper  
  20  1:30  Orbital Command  
  20  1:41  Command Center  
  20  1:50  Barracks  
  21  2:02  Supply Depot  
  21  2:04  Barracks Reactor  
  22  2:13  Refinery  
  23  2:34  Factory  
  23  2:38  Barracks Tech Lab  
  23  2:43  Marine x2  Nonstop marine production from barracks 1
  26  2:52  Orbital Command  
  27  2:57  Marine  Nonstop marine production from barracks 2
  28  3:02  Stimpack  
  32  3:20  Starport  
  34  3:29  Factory Reactor  
  36  3:37  Supply Depot  In wall, nonstop depots from now on
  45  4:05  Action  Swap factory and starport
  48  4:15  Medivac x2  
  64  4:45  Action  Load into medivacs and send across map
  64  4:50  Command Center  In main base
  68  5:05  Factory Tech Lab  Tank production from factory
  69  5:08  Combat Shield  
  75  5:20  Refinery x2  
  84  5:40  Engineering Bay x2  +1 Attack / +1 Armor when done
  94  6:10  Barracks x3  
Spawning Tool Build Advisor. Get it on Overwolf

Analysis

You should have 2 medivacs and 16 marines at 4:45-4:55. Where you drop is up to you, in higher ranks(D1-D2+) it is probably best to drop near zergs third base and try to snipe some drones and efficiently trade units. In lower ranks, dropping in the main may be the best due to poor overlord placement, and often can end the game instantly. The main strength of the build is zergs lack of anti-air early, meaning you only need to pick up when banelings/roaches/queens arrive and can trade insanely well vs. zerglings. Great option for tank push follow-up, and if you save your drop, a double prong 3rd base siege + main base drop often ends the game instantly. It will feel like you have no money until your medivacs are halfway done, this is normal, make sure to have solid SCV production so your stuff isn't late. If you want a slightly more economic version, there is a CC first version, look up uThermals Terran School episode #33 and watch the last game.

Go to:

Details

  • Created by: wokenwolf
  • Published on: May 23, 2025
  • Modified on: May 23, 2025
  • Patch: 5.0.11
  • Difficulty: Medium
Show
View Real Time Build Order
Export as new Build Order

Comments (0)

There are no comments. Be the first!

Create an account to comment!